 Dungeon Crawl Stone Soup version 0.30-a0-469-g84de5afbc5 (webtiles) character file.

Game seed: 3874712824792799177

11712 oldriver the Covert (level 11, -3/110 HPs)
             Began as a Naga Warper on Dec 20, 2022.
             Was a Believer of Wu Jian.
             Slain by a death yak (24 damage)
             ... led by a torpor snail
             ... on level 2 of the Lair of Beasts.
             The game lasted 00:36:43 (15966 turns).

oldriver the Covert (Naga Warper)                  Turns: 15966, Time: 00:36:44

Health: -3/110     AC: 13    Str: 13    XL:     11   Next: 82%
Magic:  23/23      EV: 10    Int: 14    God:    Wu Jian [**....]
Gold:   677        SH:  0    Dex: 15    Spells: 12/14 levels left

rFire   + . .      SeeInvis +    b - +7 sling
rCold   + . .      Faith    .    (no shield)
rNeg    . . .      Spirit   .    I - +3 leather armour {rF+}
rPois   +          Reflect  .    t - +0 helmet
rElec   .          Harm     .    w - +0 cloak
rCorr   .          Rampage  .    H - +2 pair of gloves
Will    +....                    (no barding)
Stlth   +++++.....               (no amulet)
HPRegen 0.38/turn                f - ring of protection from cold
MPRegen 0.18/turn                q - ring of magical power

@: about to teleport, very slow
A: AC +3, large, see invisible, deformed body, poison resistance, slowness 2,
spit poison 1, naga tail 1
a: Spit Poison, Renounce Religion, Wall Jump


You were on level 2 of the Lair of Beasts.
You worshipped Wu Jian.
Wu Jian was pleased with you.
You visited 3 branches of the dungeon, and saw 12 of its levels.

You collected 677 gold pieces.

Inventory:

Hand Weapons
 a - a +6 dagger of venom
 b - a +7 sling (weapon)
Missiles
 d - 5 boomerangs of dispersal
 j - 8 boomerangs
Armour
 e - +0 acid dragon scales
 t - a +0 helmet (worn)
 w - a +0 cloak (worn)
 H - a +2 pair of gloves (worn)
 I - a +3 leather armour of fire resistance (worn)
Jewellery
 f - a ring of protection from cold (left hand)
 q - a ring of magical power (right hand)
 z - a ring of protection from cold
 A - a ring of magical power
 J - a +6 ring of intelligence
Wands
 r - a wand of flame (41)
 E - a wand of polymorph (9)
 K - a wand of digging (4)
Scrolls
 c - a scroll of blinking
 g - 3 scrolls of fog
 l - 5 scrolls of teleportation
 p - 2 scrolls of vulnerability
 s - 5 scrolls of poison
 y - 8 scrolls of identify
 F - a scroll of amnesia
 G - a scroll of silence {unknown}
Potions
 h - a potion of magic {unknown}
 i - 2 potions of haste
 k - a potion of degeneration
 m - 7 potions of curing
 n - 3 potions of flight
 o - 4 potions of cancellation
 u - a potion of resistance
 v - 2 potions of invisibility
 x - 2 potions of lignification
 B - 2 potions of might
 C - a potion of heal wounds
 D - a potion of ambrosia


   Skills:
 + Level 10.5 Fighting
 - Level 9.8(10.0) Short Blades
 - Level 2.3(6.6) Long Blades
 + Level 6.3 Ranged Weapons
 - Level 0.8 Throwing
 + Level 2.2 Armour
 + Level 2.9 Dodging
 + Level 13.1 Stealth
 - Level 2.0 Spellcasting
 - Level 3.0 Translocations


You had 12 spell levels left.
You knew the following spells:

 Your Spells              Type           Power      Damage    Failure   Level
a - Blink                 Tloc           18%        N/A       13%         2

Your spell library contained the following spells:

 Spells                   Type           Power      Damage    Failure   Level
 Lesser Beckoning         Tloc           18%        N/A       26%         3
 Teleport Other           Tloc           9%         N/A       26%         3
 Shock                    Conj/Air       4%         1d3       30%         1
 Vhi's Electric Charge    Tloc/Air       10%        N/A       43%         3
 Summon Guardian Golem    Hex/Summ       1%         N/A       65%         3
 Swiftness                Air            1%         N/A       65%         3
 Manifold Assault         Tloc           9%         N/A       65%         4
 Airstrike                Air            0%         2d(1-17)  96%         4
 Summon Lightning Spire   Summ/Air       1%         N/A       96%         4
 Lightning Bolt           Conj/Air       0%         1d11      100%        5
 Yara's Violent Unravell  Hex/Tmut       0%         3d3       100%        5
 Enfeeble                 Hex            0%         N/A       100%        7
 Orb of Destruction       Conj           0%         9d5       100%        7
 Spellforged Servitor     Conj/Summ      0%         N/A       100%        7


Dungeon Overview and Level Annotations

Branches:
Dungeon (8/15)             Temple (1/1) D:5            Lair (3/5) D:8
 Shoals (0/4) Lair:2        Snake (0/4) Lair:3

Altars:
Ashenzari
Cheibriados
Dithmenos
Elyvilon
Fedhas
Gozag
Hepliaklqana
Kikubaaqudgha
Makhleb
Okawaru
Qazlal
Ru
Sif Muna
Trog
Uskayaw
Vehumet
Wu Jian
Xom
Yredelemnul
Zin
The Shining One

Annotations:
D:6 1 runed translucent door, Crazy Yiuf
Lair:1 1 runed translucent door
Lair:2 2 transporters, Heh's ghost, journeyman MiFi


Innate Abilities, Weirdness & Mutations

Your serpentine skin is tough. (AC +3)
You have supernaturally acute eyesight. (SInv)
Armour fits poorly on your strangely shaped body.
Your system is resistant to poisons. (rPois)
You cover ground very slowly.
You can spit poison.
You have a snake-like lower body.


Message History

The water moccasin is heavily wounded.
You puncture the water moccasin!
The water moccasin is almost dead.
You hit the water moccasin.
The water moccasin is poisoned.
The water moccasin is almost dead.
You kill the water moccasin!
The Council accepts your kill. The death yak barely misses you.
The death yak gores you! The death yak gores you. The death yak gores you!
* * * LOW HITPOINT WARNING * * *
Blink to where?
Press: ? - help, Dir - move target
As you read the scroll of blinking, it crumbles to dust.
Unknown command.
Your +6 dagger of venom stops dripping with poison.
b - a +7 sling (weapon)
You are too injured to fight recklessly!
Fire: b) +7 sling
Press: ? - help, Shift-Dir - straight line, f - death yak
Aim: a death yak (heavily wounded, extremely poisoned, 84% to hit)
You shoot a sling bullet.
The sling bullet barely misses the death yak.
Unknown command.
Fire: b) +7 sling
Press: ? - help, Shift-Dir - straight line, f/p - death yak
Aim: a death yak (heavily wounded, extremely poisoned, 84% to hit)
You shoot a sling bullet. The sling bullet hits the death yak.
The death yak is heavily wounded.
Unknown command.
Fire: b) +7 sling
Press: ? - help, Shift-Dir - straight line, f/p - death yak
Aim: a death yak (heavily wounded, extremely poisoned, 84% to hit)
You shoot a sling bullet.
The sling bullet hits the death yak but does no damage.
The death yak is heavily wounded.
Unknown command.
As you read the scroll of teleportation, it crumbles to dust.
You feel strangely unstable. The death yak attacks as you move away!
The death yak gores you!!
You die...

#.##.#P.#.#.#..................
#.####P.#####....#..##.P..'####
#.###PP..## #...##.##.##..#~~~#
#.##P.....# #...''.....#..#≈~~#
#.##......# #...##.....#.##~~~#
#.........# #...#.######.#~####
#..####.### #....##.###..#~~~#~
#.## #.### #..........>.#≈~)#~
#.#####..####.@.)........#~~~#~
#............Y...........#~###'
#..........Y.............##~~~#
##.........................#~~~#
#..........................#~~~#
###..#####..###..#.#.##.....#####
#....# ##..###.###.#..+##.......
###..# ##....##..#......##....#.+
##..# #>...###.##.......#....##.


You could see 2 death yaks.

Vanquished Creatures
  2 boulder beetles (Lair:2)
  Amaemon (Lair:2)
  Pikel (D:4)
  An elephant (Lair:2)
  Joseph (D:7)
  4 cane toads
  An orange demon (Lair:2)
  3 komodo dragons
  2 merfolk (Lair:2)
  7 blink frogs (Lair:2)
  Prince Ribbit (D:7)
  3 yaks (Lair:1)
  A wyvern (Lair:3)
  2 steam dragons
  A basilisk (Lair:1)
  A warg (D:6)
  4 water moccasins
  Duvessa (D:6)
  An orc warrior (D:8)
  4 black bears
  An ice beast (D:8)
  A centaur (D:8)
  A lemure (D:4)
  Blork the orc (D:6)
  3 scorpions
  6 bullfrogs
  2 gnoll sergeants
  2 necrophages
  10 wights
  Dowan (D:6)
  6 killer bees (D:8)
  4 howler monkeys
  2 electric eels (Lair:2)
  2 hounds
  6 orc priests
  An iguana (D:4)
  4 orc wizards
  12 gnolls
  6 adders
  2 shadow imps (D:6)
  An ufetubus (D:5)
  A worm (D:2)
  3 dart slugs
  36 orcs
  7 endoplasms
  3 giant cockroaches
  5 goblins
  6 hobgoblins
  7 jackals
  8 kobolds
  7 quokkas
  8 ball pythons
  5 bats
  6 frilled lizards
  8 rats
226 creatures vanquished.

Vanquished Creatures (others)
  4 fungi (Lair:2)
  5 plants
9 creatures vanquished.

Grand Total: 235 creatures vanquished

Notes
Turn   | Place    | Note
-------+----------+-------------------------------------------
     0 | D:1      | oldriver the Naga Warper began the quest for the Orb.
     0 | D:1      | Reached XP level 1. HP: 19/19 MP: 3/3
    49 | D:1      | Reached skill level 1 in Stealth
    55 | D:1      | Reached XP level 2. HP: 19/26 MP: 5/5
   353 | D:1      | Reached skill level 2 in Stealth
   566 | D:1      | Reached XP level 3. HP: 31/33 MP: 6/6
   803 | D:2      | Reached skill level 1 in Short Blades
  1261 | D:2      | Reached XP level 4. HP: 40/40 MP: 7/7
  1323 | D:2      | Reached skill level 3 in Stealth
  1632 | D:3      | Noticed a scorpion
  1870 | D:3      | Killed a scorpion
  1871 | D:3      | Reached skill level 1 in Armour
  1871 | D:3      | Reached skill level 4 in Stealth
  1871 | D:3      | Reached XP level 5. HP: 44/49 MP: 8/8
  1953 | D:3      | Found a broken altar of Ashenzari.
  2960 | D:3      | Learned a level 2 spell: Blink
  3356 | D:4      | Reached skill level 5 in Stealth
  3356 | D:4      | Reached XP level 6. HP: 52/57 MP: 9/9
  3657 | D:4      | Found a sacrificial altar of Ru.
  4076 | D:4      | Found a shadowy altar of Dithmenos.
  4076 | D:4      | Found a glowing silver altar of Zin.
  4114 | D:5      | Entered Level 5 of the Dungeon
  4223 | D:5      | Noticed an ice beast
  4300 | D:5      | Reached skill level 6 in Stealth
  4765 | D:5      | Reached XP level 7. HP: 54/66 MP: 10/10
  4785 | D:5      | Reached skill level 5 in Fighting
  4965 | D:5      | Noticed Pikel
  5234 | D:4      | Killed Pikel
  5235 | D:4      | Reached skill level 5 in Short Blades
  5235 | D:4      | Reached XP level 8. HP: 68/76 MP: 11/11
  5350 | D:5      | Found a bloodstained altar of Trog.
  5744 | D:5      | Found a staircase to the Ecumenical Temple.
  5824 | Temple   | Entered the Ecumenical Temple
  5859 | Temple   | Became a worshipper of the Wu Jian Council
  6746 | D:6      | Noticed Duvessa
  6748 | D:6      | Noticed Dowan
  6748 | D:6      | Killed Duvessa
  6775 | D:6      | Killed Dowan
  7082 | D:6      | Noticed Blork the orc
  7112 | D:6      | Killed Blork the orc
  7237 | D:6      | Noticed Maggie
  7238 | D:6      | Maggie changed into Maggie the warg
  7238 | D:6      | Noticed Maggie
  7250 | D:6      | Killed Maggie the warg
  7339 | D:6      | Reached skill level 7 in Stealth
  7339 | D:6      | Reached XP level 9. HP: 86/86 MP: 12/12
  7743 | D:6      | Found a runed translucent door.
  7744 | D:6      | Noticed Crazy Yiuf
  8161 | D:7      | Noticed Joseph
  8356 | D:7      | Noticed Prince Ribbit
  8358 | D:7      | Killed Prince Ribbit
  8605 | D:7      | Reached skill level 8 in Stealth
  9989 | D:8      | Found a staircase to the Lair.
 10112 | D:8      | Reached skill level 9 in Stealth
 10176 | D:8      | Reached * piety under Wu Jian
 10619 | D:7      | Killed Joseph
 10620 | D:7      | Reached XP level 10. HP: 25/96 MP: 13/13
 11120 | D:8      | Noticed Maurice
 11126 | D:8      | Maurice changed into Maurice the ball python
 11126 | D:8      | Noticed Maurice
 11129 | D:8      | Killed Maurice the ball python
 11298 | D:8      | Reached skill level 10 in Stealth
 11500 | D:8      | Reached ** piety under Wu Jian
 12193 | Lair:1   | Entered Level 1 of the Lair of Beasts
 12488 | Lair:1   | Noticed a cane toad
 12506 | Lair:1   | Killed a cane toad
 12507 | Lair:1   | Reached skill level 11 in Stealth
 12651 | Lair:1   | Reached skill level 1 in Ranged Weapons
 13041 | Lair:1   | Found a runed translucent door.
 13257 | Lair:2   | Noticed a boulder beetle
 13433 | Lair:2   | Noticed an orange demon
 13438 | Lair:2   | Noticed Amaemon
 13440 | Lair:2   | Killed an orange demon
 13458 | Lair:2   | Killed Amaemon
 13459 | Lair:2   | Reached XP level 11. HP: 75/108 MP: 14/14
 13776 | Lair:2   | Noticed a boulder beetle
 13834 | Lair:2   | Killed a boulder beetle
 13835 | Lair:2   | Reached skill level 12 in Stealth
 14138 | Lair:2   | Noticed a fire crab
 14139 | Lair:2   | Noticed a seven-headed hydra
 14140 | Lair:2   | Found a transporter.
 14140 | Lair:2   | Noticed Heh's ghost (journeyman MiFi)
 14145 | Lair:2   | Found a transporter.
 14166 | Lair:2   | Reached skill level 10 in Fighting
 14166 | Lair:2   | Reached skill level 5 in Ranged Weapons
 14255 | Lair:2   | Killed a boulder beetle
 14532 | Lair:2   | Noticed a six-headed hydra
 15052 | Lair:2   | Found a staircase to the Shoals.
 15344 | Lair:2   | Reached skill level 13 in Stealth
 15578 | Lair:3   | Found a staircase to the Snake Pit.
 15579 | Lair:3   | Noticed a death yak
 15603 | Lair:3   | Noticed a four-headed hydra
 15947 | Lair:3   | Noticed a death yak
 15966 | Lair:2   | Slain by a death yak

Illustrated notes

Levels and vault maps discovered:
D:1:      reono_arrival_forest_river, layout_loops_ring,
          minmay_misc_feat_nine_boxes, minmay_misc_feat_pillars
D:2:      layout_loops_ring, wander_ebering_terrifying_dragon_lair
D:3:      layout_basic, mainiacjoe_overflow_brackets, minmay_bisected
D:4:      layout_cave_pods, mainiacjoe_overflow_surrounded_room,
          gammafunk_temple_overflow_elements, serial_bayou_pond_b
D:5:      layout_loops_ring, mainiacjoe_overflow_boulevard,
          minmay_temple_entry_enclosed_plants, uniq_pikel
D:6:      layout_loops_ring, uniq_blork_the_orc, uniq_maggie, uniq_duvessa,
          uniq_crazy_yiuf_cottage
D:7:      layout_loops_corners, minmay_misc_feat_more_columns, uniq_joseph,
          uniq_prince_ribbit1
D:8:      layout_basic, lair_entry_dummy, minmay_starry_boxes, uniq_maurice
Temple:   eino_temple_scatter_basement
Lair:1:   gammafunk_indiana_jones, layout_chaotic_city
Lair:2:   layout_regular_city, elwin_shoals_entry_rooms, gammafunk_ghost_arena,
          minmay_shattered_shrine, uniq_amaemon
Lair:3:   layout_gridlike, guppyfry_snake_entry_island,
          gammafunk_ghost_necromancy, grunt_megastairs_2, serial_bayou_shore_b

Skill      XL: |  1  2  3  4  5  6  7  8  9 10 11 |
---------------+----------------------------------+-----
Stealth        | 1 2 4 5 6 7 9 11 13 | 13.1
Short Blades   | 1 2 5 7 9 |  9.8
Fighting       | 3 4 6 7 8 9 10 | 10.5
Armour         | 1 2 |  2.2
Dodging        | 2 |  2.9
Ranged Weapons | 4 6 |  6.3
Long Blades    | |  2.3
Throwing       | |  0.8
Spellcasting   | |  2.0
Translocations | |  3.0

Action                   |  1- 3 |  4- 6 |  7- 9 | 10-12 || total
-------------------------+-------+-------+-------+-------++-------
Melee: Short sword       |    85 |   187 |   131 |       ||   403
       Punch             |       |     2 |     6 |     3 ||    11
       Dagger            |       |       |   238 |   402 ||   640
 Fire: Sling             |       |       |     3 |    37 ||    40
Throw: Boomerang         |       |     4 |     3 |       ||     7
 Cast: Blink             |       |     1 |     1 |       ||     2
Invok: Lunge             |       |       |    22 |    22 ||    44
       Whirlwind         |       |       |       |     3 ||     3
 Abil: Spit Poison       |     5 |    53 |    19 |    13 ||    90
       Wall Jump         |       |       |       |     7 ||     7
Evoke: Wand              |       |     2 |     5 |     6 ||    13
  Use: Scroll            |       |     3 |    17 |     8 ||    28
       Potion            |       |       |     3 |     1 ||     4
 Stab: Sleeping          |     6 |     4 |     7 |    14 ||    31
       Distracted        |       |       |     1 |     1 ||     2
Armor: Leather armour    |    23 |    46 |    26 |    56 ||   151
       Acid dragon scale |       |       |    29 |    29 ||    58
Dodge: Dodged            |    48 |    87 |   106 |   116 ||   357

Table legend: (Time is in decaauts)
 A = Elapsed time spent in this place.
 B = Non-inter-level travel time spent in this place.
 C = Inter-level travel time spent in this place.
 D = Time resting spent in this place.
 E = Time spent auto-exploring this place.
 F = Levels seen in this place.
 G = Mean time per level.
                   A        B        C        D        E       F      G
               +--------+--------+--------+--------+--------+-----+--------+
         Total |  19190 |  17949 |   1241 |   5213 |   8404 |  12 | 1599.2 |
       Dungeon |  14537 |  13474 |   1063 |   3616 |   6663 |   8 | 1817.1 |
        Temple |    284 |    242 |     42 |      0 |    222 |   1 |  284.0 |
          Lair |   4368 |   4233 |    135 |   1597 |   1517 |   3 | 1456.0 |
               +--------+--------+--------+--------+--------+-----+--------+

Top non-repeatable levels by time:
     D:7: 2991 daAuts
  Lair:2: 2987 daAuts
     D:4: 2160 daAuts
     D:8: 2028 daAuts
     D:6: 1920 daAuts
     D:5: 1541 daAuts
     D:3: 1524 daAuts
  Lair:1: 1326 daAuts
     D:2: 1320 daAuts
     D:1: 1049 daAuts
  Temple: 284 daAuts
  Lair:3: 54 daAuts
